 Dungeon Crawl Stone Soup version 0.28-a0-1087-gf3fc490d9d (webtiles) character file.

Game seed: 14992892199839035137

7669 olmar the Basher (level 11, 0/47 HPs)
             Began as a Gargoyle Fighter on Dec 10, 2021.
             Was an Initiate of Gozag.
             Slain by a minotaur (28 damage)
             ... in a Gauntlet.
             The game lasted 00:18:59 (11646 turns).

olmar the Basher (Gargoyle Fighter)                Turns: 11646, Time: 00:19:05

Health: 0/47       AC: 23    Str: 34    XL:     11   Next: 18%
Magic:  8/8        EV: 14    Int:  5    God:    Gozag
Gold:   498        SH:  6    Dex: 18    Spells: 10/10 levels left

rFire   + . .      SeeInvis +   b - +1 flail (venom)
rCold   + . .      Faith    .   c - +0 buckler
rNeg    + . .      Spirit   .   r - +0 chain mail
rPois   ∞          Reflect  .   R - +0 hat of Boredom {Will+++ Str+4 SInv}
rElec   +          Harm     .   T - +1 cloak "Kiotoh" {-Tele rC+ rCorr Slay+5}
rCorr   +          Rampage  .   (no gloves)
Will    +++..      NoTele   +   L - +0 pair of boots "Kuott" {rCorr Dex+9 SInv Stlth-}
Stlth   ..........              l - amulet of magic regeneration
HPRegen 0.15/turn               x - +6 ring of strength
MPRegen 0.51/turn               y - +4 ring of evasion

@: unable to read
A: sickness immunity, AC +8, negative energy resistance 1, electricity
resistance, torment resistance 1, petrification resistance, see invisible, fire
resistance 1, [deterioration 2], [dopey 2], [frail 3], [low mp 2], [subdued
magic 3], [inability to read while threatened]
a: Renounce Religion, Potion Petition, Call Merchant, Bribe Branch


You were in a Gauntlet.
You worshipped Gozag.
Gozag was aware of your devotion.
You visited 1 branch of the dungeon, and saw 11 of its levels.
You also visited: Gauntlet.

You collected 1099 gold pieces.
You spent 537 gold pieces at shops.
You paid 64 gold pieces to Gozag.

Inventory:

Hand Weapons
 a - a +0 flail
 b - a +1 flail of venom (weapon)
 f - a +2 whip of electrocution
Missiles
 J - a throwing net (quivered)
Armour
 c - a +0 buckler (worn)
 d - a +1 scale mail of poison resistance
 g - a +0 helmet
 r - a +0 chain mail (worn)
 v - a +2 cloak
 L - the +0 pair of boots "Kuott" (worn) {rCorr Dex+9 SInv Stlth-}
   (You bought it in a shop on level 9 of the Dungeon)

   Dex:       It affects your dexterity (+9).
   SInv:      It lets you see invisible.
   rCorr:     It protects you from acid and corrosion.
   Stlth:     It makes you less stealthy.
 R - the +0 hat of Boredom (worn) {Will+++ Str+4 SInv}
   (You found it in a Gauntlet)

   Str:       It affects your strength (+4).
   SInv:      It lets you see invisible.
   Will:      It greatly increases your willpower.
 T - the +1 cloak "Kiotoh" (worn) {-Tele rC+ rCorr Slay+5}
   (You found it in a Gauntlet)

   Slay:      It affects your accuracy & damage with ranged weapons and melee
   (+5).
   rC:        It protects you from cold.
   -Tele:     It prevents most forms of teleportation.
   rCorr:     It protects you from acid and corrosion.
Jewellery
 l - an amulet of magic regeneration (around neck)
 x - a +6 ring of strength (left hand)
 y - a +4 ring of evasion (right hand)
 N - a ring of protection from fire
 P - a ring of willpower
 S - a +6 ring of intelligence
Scrolls
 e - 5 scrolls of teleportation
 i - 2 scrolls of fog
 k - 2 scrolls of vulnerability
 m - a scroll of blinking
 n - a scroll of noise
 p - a scroll of enchant armour {unknown}
 q - 4 scrolls of amnesia
 t - a scroll of acquirement {unknown}
 E - a scroll of brand weapon {unknown}
 M - a scroll of magic mapping
 O - a scroll of fear
 Q - a scroll of enchant weapon {unknown}
Potions
 h - a potion of resistance {unknown}
 j - a potion of ambrosia
 o - a potion of degeneration
 s - 2 potions of mutation
 u - a potion of lignification
 w - 2 potions of brilliance {unknown}
 z - a potion of cancellation
 A - a potion of invisibility {unknown}
 B - a potion of flight
 C - a potion of might
 D - a potion of heal wounds
 F - a potion of haste
 G - a potion of attraction {unknown}
 I - a potion of berserk rage {unknown}
 K - 2 potions of curing
Miscellaneous
 H - a tin of tremorstones (inert)


   Skills:
 + Level 8.0 Fighting
 + Level 11.5 Maces & Flails
 + Level 10.2 Armour
 - Level 1.3 Dodging
 + Level 6.9 Shields
 + Level 1.3 Evocations


You had 10 spell levels left.
You didn't know any spells.
Your spell library contained the following spells:

 Spells                   Type           Power      Damage    Failure   Level
 Slow                     Hex            0%         N/A       78%         1
 Ensorcelled Hibernation  Hex/Ice        0%         N/A       90%         2
 Passwall                 Tmut/Erth      0%         N/A       90%         2
 Confusing Touch          Hex            0%         N/A       99%         3
 Swiftness                Air            0%         N/A       99%         3
 Tukima's Dance           Hex            0%         N/A       99%         3
 Vampiric Draining        Necr           0%         2d6       99%         3
 Flame Wave               Conj/Fire      0%         2d4       100%        4
 Passage of Golubria      Tloc           0%         N/A       100%        4
 Fireball                 Conj/Fire      0%         3d3       100%        5
 Yara's Violent Unravell  Hex/Tmut       0%         3d3       100%        5
 Lehudib's Crystal Spear  Conj/Erth      0%         10d2      100%        8


Dungeon Overview and Level Annotations

Branches:
Dungeon (11/15)            Temple (0/1) D:6            Lair (0/6) D:8
Gauntlet (1/1)
    Orc: D:9-12

Altars:
Ashenzari
Cheibriados
Elyvilon
Gozag
Hepliaklqana
Makhleb
Nemelex Xobeh
Qazlal
Trog
Uskayaw
Vehumet
Xom
Yredelemnul

Shops:
D:2 *   D:9 ?*[*(

Annotations:
D:3 exclusion: statue
D:8 2 transporters, siradein's ghost, novice DsAr
D:9 Gastronok Gauntlet 6 transporters, exclusion: ice statue


Innate Abilities, Weirdness & Mutations

You are immune to sickness and miasma.
Your stone body is resilient. (AC +8)
You are immune to poison.
You resist negative energy. (rN+)
You are resistant to electric shocks. (rElec)
You are resistant to unholy torment.
You are immune to petrification.
You have supernaturally acute eyesight. (SInv)
Your flesh is heat resistant. (rF+)
[Your body often deteriorates upon taking damage.]
[You are very dopey. (Int -4)]
[You are extremely frail. (-30% HP)]
[Your magical capacity is very low. (-20% MP)]
[Your spells are much easier to cast, but much less powerful.]
[You sometimes lose the ability to read scrolls when taking damage.]


Message History

Unknown command.
You now have 481 gold pieces (gained 8).
You now have 498 gold pieces (gained 17).
The death yak bellows!
The death yak bellows! x3
The death yak bellows!
You see here the +1 cloak "Kiotoh" {-Tele rC+ rCorr Slay+5}.
T - the +1 cloak "Kiotoh" {-Tele rC+ rCorr Slay+5} You see here a +2 rapier of venom.
There is a transporter here.
s - 2 potions of mutation (gained 1)
You start removing your armour.
You continue taking off your +2 cloak. x4
You finish taking off your +2 cloak.
You start putting on your armour.
You continue putting on the +1 cloak "Kiotoh" {-Tele rC+ rCorr Slay+5}. x5
You finish putting on the +1 cloak "Kiotoh" {-Tele rC+ rCorr Slay+5}.
Unknown command.
There is a transporter here.
You enter the transporter and appear at another place.
You can't go up here!
Your extra speed is starting to run out.
Found a glowing copper ring.
Found a gate leading back out of this place.
A minotaur comes into view.
It is wielding a +2 mace of protection, wearing the ring "Poppoiru" {Will+ rCorr Str+3 Int+6} and quivering silver javelins.
The minotaur bellows!
There is an open door here.
Unknown command.
You hit the minotaur but do no damage.
The minotaur is poisoned.
You sock the minotaur!
The minotaur is lightly wounded.
You feel yourself slow down.
The minotaur hits you with a +2 mace of protection!!
The minotaur gores you.
You sock the minotaur!
The minotaur looks as sick as possible!
The minotaur is moderately wounded.
The minotaur hits you with a +2 mace of protection!!
You feel threatened and lose the ability to read scrolls!
Ouch! That really hurt!
You die...
Your body crumbles into a pile of gold.

#####......####
...............
...............
#.##.##.##.##.#
##.##.##.##.##.#
#...............
.##.##.##.##.##
#.##.##.##.##.###
#........@H.....#
###.##.#'###.##.#
#.#.# .# ..#.# .
#.##.# #. #∩# ..
### .#


You could see a minotaur (extremely poisoned).

Vanquished Creatures
  A two-headed ogre (D:8)
  A tengu warrior (Gauntlet)
  A wretched star (Gauntlet)
  An orc knight (D:9)
  An unseen horror (D:10)
  Maggie (D:9)
  A rime drake (Gauntlet)
  A kobold demonologist (D:10)
  A tengu conjurer (Gauntlet)
  A meliai zombie (D:10)
  2 wyverns
  6 vampire mosquitoes (D:10)
  Edmund (D:5)
  A sky beast (D:8)
  An ogre (D:5)
  3 orc warriors
  A hornet zombie (D:9)
  A black bear (D:6)
  A necrophage (D:6)
  2 phantoms (D:4)
  3 centaurs
  A kobold brigand (D:9)
  4 bullfrogs
  A gnoll sergeant (D:10)
  2 scorpions
  A small abomination (Gauntlet)
  2 water moccasin skeletons
  4 wights
  A bullfrog zombie (D:6)
  2 centaur zombies
  2 hounds (D:5)
  2 jellies
  3 orc priests
  2 centaur skeletons
  A gnoll shaman (D:6)
  2 iguanas
  6 orc wizards
  A killer bee zombie (D:6)
  2 howler monkey zombies (D:9)
  10 adders
  13 gnolls
  A shadow imp (D:6)
  A white imp (D:6)
  2 worms
  3 dart slugs
  28 orcs
  5 ball pythons
  7 endoplasms
  5 goblins
  12 hobgoblins
  10 kobolds
  5 quokkas
  6 bats
  5 frilled lizards
  5 rats
189 creatures vanquished.

Notes
Turn   | Place    | Note
-------+----------+-------------------------------------------
     0 | D:1      | olmar the Gargoyle Fighter began the quest for the Orb.
     0 | D:1      | Reached XP level 1. HP: 14/14 MP: 1/1
   126 | D:1      | Reached XP level 2. HP: 19/19 MP: 2/2
   563 | D:2      | Reached XP level 3. HP: 19/23 MP: 3/3
   636 | D:2      | Found Ore Jaoth's Assorted Antiques.
  1272 | D:2      | Reached XP level 4. HP: 16/29 MP: 4/4
  1951 | D:3      | Found a broken altar of Ashenzari.
  2033 | D:3      | Reached skill level 3 in Maces & Flails
  2051 | D:3      | Reached XP level 5. HP: 20/33 MP: 5/5
  2257 | D:3      | Found a radiant altar of Vehumet.
  2828 | D:3      | Noticed a charred statue
  3137 | D:4      | Found a stormy altar of Qazlal.
  3140 | D:4      | Found a snail-covered altar of Cheibriados.
  3143 | D:4      | Found a hazy altar of Hepliaklqana.
  3155 | D:4      | Reached skill level 4 in Maces & Flails
  3155 | D:4      | Reached XP level 6. HP: 34/38 MP: 6/6
  3156 | D:4      | Found a white marble altar of Elyvilon.
  3160 | D:4      | Became a worshipper of Elyvilon the Healer
  3389 | D:5      | Entered Level 5 of the Dungeon
  3394 | D:5      | Reached skill level 1 in Dodging
  3416 | D:4      | Found a hide-covered altar of Uskayaw.
  3459 | D:5      | Gained mutation: Your flesh is heat resistant. (rF+)
                  | [potion of mutation]
  3459 | D:5      | Gained mutation: You have supernaturally acute eyesight.
                  | (SInv) [potion of mutation]
  3863 | D:5      | Noticed Edmund
  3882 | D:5      | Killed Edmund
  3883 | D:5      | Reached skill level 5 in Maces & Flails
  3883 | D:5      | Reached XP level 7. HP: 9/44 MP: 7/7
  4582 | D:4      | Reached skill level 5 in Armour
  4711 | D:4      | Found an opulent altar of Gozag.
  5219 | D:4      | Fell from the grace of Elyvilon
  5219 | D:4      | Became a worshipper of Gozag Ym Sagoz the Greedy
  5587 | D:5      | Got the Incunabulum of Battle Magic
  5795 | D:5      | Reached skill level 6 in Maces & Flails
  5795 | D:5      | Reached XP level 8. HP: 38/48 MP: 8/8
  6130 | D:6      | Reached skill level 5 in Fighting
  6200 | D:6      | Found a staircase to the Ecumenical Temple.
  6369 | D:6      | Reached skill level 7 in Maces & Flails
  7031 | D:7      | Noticed a wyvern
  7036 | D:7      | Reached skill level 5 in Shields
  7045 | D:7      | Killed a wyvern
  7092 | D:7      | Reached XP level 9. HP: 55/55 MP: 9/9
  7186 | D:7      | Found a burning altar of Makhleb.
  7507 | D:7      | Reached skill level 8 in Maces & Flails
  7528 | D:8      | Noticed a moth of wrath
  7539 | D:8      | Noticed siradein's ghost (novice DsAr)
  7608 | D:8      | Found a bloodstained altar of Trog.
  7678 | D:8      | Found a transporter.
  7684 | D:8      | Found a transporter.
  7685 | D:8      | Found a bloodstained altar of Trog.
  7726 | D:8      | Found a sparkling altar of Nemelex Xobeh.
  7737 | D:8      | Noticed a two-headed ogre
  7754 | D:8      | Killed a two-headed ogre
  7755 | D:8      | Reached skill level 9 in Maces & Flails
  7973 | D:8      | Found a staircase to the Lair.
  8194 | D:9      | Found a runed translucent door.
  8240 | D:9      | Found Idiewn's Assorted Antiques.
  8248 | D:9      | Bought an embroidered cloak for 225 gold pieces
  8357 | D:9      | Found Hyshuinwur's Antique Weapon Emporium.
  8389 | D:9      | Noticed Maggie
  8418 | D:9      | Killed Maggie
  8740 | D:9      | Found Zavosmil's Antique Armour Boutique.
  8740 | D:9      | Found Yzeewn's General Store.
  8748 | D:9      | Bought a pair of dazzling boots for 218 gold pieces
  8748 | D:9      | Identified the +0 pair of boots "Kuott" {rCorr Dex+9 SInv
                  | Stlth-} (You bought it in a shop on level 9 of the Dungeon)
  8755 | D:9      | Bought a scroll of magic mapping for 45 gold pieces
  8784 | D:9      | Found Vilirgh's Magic Scroll Shoppe.
  8792 | D:9      | Bought a scroll of fear for 49 gold pieces
  8844 | D:9      | Reached XP level 10. HP: 52/61 MP: 10/10
  9083 | D:9      | Noticed an orc knight
  9115 | D:9      | Killed an orc knight
  9116 | D:9      | Reached skill level 10 in Maces & Flails
  9127 | D:9      | Reached skill level 1 in Evocations
  9236 | D:9      | Noticed Gastronok
  9477 | D:10     | Entered Level 10 of the Dungeon
  9753 | D:10     | Noticed an unseen horror
  9763 | D:10     | Killed an unseen horror
  9828 | D:10     | Found a shimmering altar of Xom.
  9860 | D:10     | Found a basalt altar of Yredelemnul.
 10023 | D:10     | Noticed a kobold demonologist
 10143 | D:10     | Killed a kobold demonologist
 10387 | D:11     | Reached skill level 11 in Maces & Flails
 10392 | D:11     | Noticed a two-headed ogre
 10443 | D:11     | Found a gate leading to a gauntlet.
 10452 | Gauntlet | Entered a Gauntlet
 10452 | Gauntlet | Noticed an ice statue
 10452 | Gauntlet | Found a transporter.
 10452 | Gauntlet | Found a transporter.
 10452 | Gauntlet | Found a transporter.
 10453 | Gauntlet | Found a transporter.
 10454 | Gauntlet | Found a transporter.
 10454 | Gauntlet | Noticed a worldbinder
 10459 | Gauntlet | Found a transporter.
 10463 | Gauntlet | Found a transporter.
 10464 | Gauntlet | Noticed a tengu warrior
 10473 | Gauntlet | Found a transporter.
 10473 | Gauntlet | Found a transporter.
 10476 | Gauntlet | Found a transporter.
 10478 | Gauntlet | Noticed a death yak
 10478 | Gauntlet | Noticed a death yak
 10478 | Gauntlet | Noticed a death yak
 10478 | Gauntlet | Noticed a death yak
 10478 | Gauntlet | Noticed a wretched star
 10479 | Gauntlet | Noticed a death yak
 10479 | Gauntlet | Noticed a death yak
 10481 | Gauntlet | Noticed a torpor snail
 10504 | Gauntlet | Found a transporter.
 10504 | Gauntlet | Found a transporter.
 10764 | Gauntlet | Identified the +0 hat of Boredom {Will+++ Str+4 SInv}
 11347 | Gauntlet | Reached XP level 11. HP: 63/68 MP: 11/11
 11359 | Gauntlet | Killed a tengu warrior
 11360 | Gauntlet | Reached skill level 10 in Armour
 11604 | Gauntlet | Killed a wretched star
 11615 | Gauntlet | Identified the +1 cloak "Kiotoh" {-Tele rC+ rCorr Slay+5}
 11640 | Gauntlet | Identified the ring "Poppoiru" {Will+ rCorr Str+3 Int+6}
 11640 | Gauntlet | Noticed a minotaur
 11646 | Gauntlet | Slain by a minotaur

Illustrated notes

Levels and vault maps discovered:
D:1:      minmay_arrival_open_corners, layout_loops_ring
D:2:      layout_basic, serial_shops, nicolae_shop_waterfront,
          skrybe_limestone_x
D:3:      layout_basic, vehumet_statue, evilmike_ruin_ashenzari, minmay_puff
D:4:      layout_loops_ring, nicolae_gozag_cash_rules_everything_around_me,
          grunt_temple_overflow_cloverleaf, eat_drink_and_be_merry_uskayaw
D:5:      nicolae_cairo_tiling, layout_rooms, chequers_mini_garden,
          grunt_decor_mini_mirrors, minmay_strange_pillars, uniq_edmund
D:6:      layout_rooms, minmay_temple_entry_ruins
D:7:      layout_rooms, mainiacjoe_overflow_paths
D:8:      layout_rooms, nicolae_overflow_hidden_temple, kennysheep_mini,
          lair_entry_dummy, gammafunk_ghost_wrathful_warriors
D:9:      layout_irregular_city, serial_shops, nicolae_shop_stone,
          kennysheep_mini_moat, shop, shop_statue, shop,
          lightli_church_of_beogh, uniq_gastronok, uniq_maggie
D:10:     layout_small_grid, mainiacjoe_overflow_concentric_impassable,
          lemuel_doored_altar
D:11:     layout_gridville, erik_orc_4, gauntlet_entry_generic,
          nicolae_elyvilon_peaceful_grove, uniq_urug
Gauntlet: minmay_gauntlet_mixed_big_or_small [nicolae_gauntlet_arena_t_cross,
          minmay_gauntlet_arena_77_p_blocks, nicolae_gauntlet_arena_x,
          minmay_gauntlet_arena_77_fan, gammafunk_gauntlet_arena_split_x,
          minmay_gauntlet_arena_77_block_sizes, gauntlet_exit_green]

Skill      XL: |  1  2  3  4  5  6  7  8  9 10 11 |
---------------+----------------------------------+-----
Armour         | 4 5 7 8 9 10 | 10.2
Shields        | 4 5 6 |  6.9
Maces & Flails | 3 4 5 6 7 9 11 | 11.5
Fighting       | 4 5 6 7 8 |  8.0
Dodging        | 1 |  1.3
Evocations     | 1 |  1.3

Action                   |  1- 3 |  4- 6 |  7- 9 | 10-12 || total
-------------------------+-------+-------+-------+-------++-------
Melee: Flail             |    94 |   213 |   296 |   192 ||   795
Evoke: Wand              |       |       |     3 |     2 ||     5
       Tin of tremorston |       |       |       |     2 ||     2
  Use: Potion            |       |     5 |     3 |     3 ||    11
       Scroll            |       |     4 |     4 |     2 ||    10
 Stab: Distracted        |       |       |       |     2 ||     2
Armor: Scale mail        |    64 |    55 |       |       ||   119
       Chain mail        |       |    72 |   166 |   107 ||   345
Dodge: Dodged            |    51 |    80 |   136 |    91 ||   358
Block: Buckler           |    21 |    54 |    45 |    62 ||   182

Table legend: (Time is in decaauts)
 A = Elapsed time spent in this place.
 B = Non-inter-level travel time spent in this place.
 C = Inter-level travel time spent in this place.
 D = Time resting spent in this place.
 E = Time spent auto-exploring this place.
 F = Levels seen in this place.
 G = Mean time per level.
                   A        B        C        D        E       F      G
               +--------+--------+--------+--------+--------+-----+--------+
         Total |  11699 |  11269 |    430 |   3431 |   5768 |  12 |  974.9 |
       Dungeon |  10535 |  10105 |    430 |   2527 |   5768 |  11 |  957.7 |
      Gauntlet |   1164 |   1164 |      0 |    904 |      0 |   1 | 1164.0 |
               +--------+--------+--------+--------+--------+-----+--------+

Top non-repeatable levels by time:
     D:5: 1718 daAuts
     D:2: 1381 daAuts
     D:4: 1311 daAuts
Gauntlet: 1164 daAuts
     D:3: 1119 daAuts
     D:9: 1106 daAuts
     D:6: 990 daAuts
    D:10: 911 daAuts
     D:8: 843 daAuts
     D:7: 554 daAuts
     D:1: 545 daAuts
    D:11: 53 daAuts
